 Dungeon Crawl Stone Soup version 0.29-a0-1016-g236c7fd91e (webtiles) character file.

Game seed: 2213921703816494577

42 frimble the Digger (level 3, -2/24 HPs)
             Began as a Demonspawn Earth Elementalist on Aug 9, 2022.
             Slain by a worm (8 damage)
             ... on level 2 of the Dungeon.
             The game lasted 00:01:56 (1770 turns).

frimble the Digger (Demonspawn Earth Elementalist)  Turns: 1770, Time: 00:01:56

Health: -2/24      AC:  2    Str:  8    XL:     3   Next: 35%
Magic:  2/6        EV: 12    Int: 16    God:
Gold:   56         SH:  0    Dex: 15    Spells: 5/6 levels left

rFire   . . .      SeeInvis .   c - +0 short sword
rCold   . . .      Faith    .   (no shield)
rNeg    . . .      Spirit   .   a - +0 robe
rPois   .          Reflect  .   g - +0 hat
rElec   .          Harm     .   (no cloak)
rCorr   .          Rampage  .   (no gloves)
Will    .....                   (no boots)
Stlth   ++........              (no amulet)
HPRegen 0.08/turn               (no ring)
MPRegen 0.10/turn               (no ring)

@: no status effects
A: hooves 1
a: no special abilities


You were on level 2 of the Dungeon.
You visited 1 branch of the dungeon, and saw 2 of its levels.

You collected 56 gold pieces.

Inventory:

Hand Weapons
 c - a +0 short sword (weapon)
Missiles
 f - 12 javelins
Armour
 a - a +0 robe (worn)
 g - a +0 hat (worn)
Scrolls
 h - a scroll of silence {unknown}
Potions
 b - 2 potions of magic
 d - a potion of degeneration {unknown}
 e - a potion of lignification {unknown}
 i - a potion of mutation {unknown}


   Skills:
 + Level 0.0 Short Blades
 - Level 2.2 Dodging
 - Level 2.2 Stealth
 - Level 2.3 Spellcasting
 - Level 1.4 Transmutations
 + Level 3.0 Earth Magic


You had 5 spell levels left.
You knew the following spells:

 Your Spells              Type           Power      Damage    Failure   Level
a - Sandblast             Erth           22%        2d7       6%          1

Your spell library contained the following spells:

 Spells                   Type           Power      Damage    Failure   Level
 Passwall                 Tmut/Erth      7%         N/A       12%         2
 Poisonous Vapours        Pois/Air       2%         N/A       30%         2
 Stone Arrow              Conj/Erth      12%        3d7       32%         3
 Petrify                  Tmut/Erth      9%         N/A       61%         4
 Corpse Rot               Necr/Pois/Air  1%         N/A       90%         4


Dungeon Overview and Level Annotations

Branches:
Dungeon (2/15)

Altars:

Shops:
D:1 =


Innate Abilities, Weirdness & Mutations

You have large cloven feet.


Message History

A kobold comes into view. It is wielding a +0 dagger.
Found a scroll labelled SORUYCWO LOPUATZ and a viscous inky potion.
Aiming: Sandblast (safe; 6% risk of failure)
Press: ? - help, Q - select action, (/) - cycle Shift-Dir - straight line, f - you That would be overly suicidal.
Okay, then.
Aiming: Sandblast (safe; 6% risk of failure)
Press: ? - help, Q - select action, (/) - cycle Shift-Dir - straight line, f - worm
Aim: a worm (94% to hit)
The blast of sand misses the worm.
Aiming: Sandblast (safe; 6% risk of failure)
Press: ? - help, Q - select action, (/) - cycle Shift-Dir - straight line, f/p - worm
Aim: a worm (94% to hit)
The blast of sand hits the worm!
The worm is heavily wounded.
Aiming: Sandblast (safe; 6% risk of failure)
Press: ? - help, Q - select action, (/) - cycle Shift-Dir - straight line, f/p - worm
Aim: a worm (moderately wounded, 94% to hit)
The blast of sand hits the worm!
The worm is severely wounded.
Aiming: Sandblast (safe; 6% risk of failure)
Press: ? - help, Q - select action, (/) - cycle Shift-Dir - straight line, f/p - worm
Aim: a worm (heavily wounded, 94% to hit)
The blast of sand hits the worm!
The worm is almost dead.
Aiming: Sandblast (safe; 6% risk of failure)
Press: ? - help, Q - select action, (/) - cycle Shift-Dir - straight line, f/p - worm
Aim: a worm (almost dead, 94% to hit)
The blast of sand misses the worm.
The worm bites you!
You hit the worm but do no damage.
The worm is almost dead.
The worm bites you!
* * * LOW HITPOINT WARNING * * *
You hit the worm but do no damage. You kick the worm.
The worm is almost dead.
You hit the worm.
The worm is almost dead.
The worm bites you!
You die...

........ #..##..# #.#..##.#
#..##..# #........ #..##..#
#....... ####..##..# ##......
### ......##..# #.##.#..# ....
####..##..###.##.#..#####.....
##............................
................@w............
.................#..####.....K
##..#####.#.#.####^.#### ?.?..
........#(#............+ ....
##..####..#....#.#..#### ..!
##.......##.####.#..# ..
.........†.#.....#..# .
.......####.##..##..#
.......#....#[......#


You could see a worm.

Vanquished Creatures
  2 adders (D:2)
  2 ball pythons (D:1)
  3 endoplasms
  A giant cockroach (D:1)
  2 goblins (D:1)
  3 hobgoblins
  2 kobolds (D:1)
  3 bats
  4 frilled lizards
  3 rats
25 creatures vanquished.

Notes
Turn   | Place    | Note
-------+----------+-------------------------------------------
     0 | D:1      | frimble the Demonspawn Earth Elementalist began the quest
                  | for the Orb.
     0 | D:1      | Reached XP level 1. HP: 13/13 MP: 3/3
    78 | D:1      | Found Qahupiad's Jewellery Shoppe.
   159 | D:1      | Reached skill level 1 in Transmutations
   326 | D:1      | Gained mutation: You have large cloven feet. [demonic
                  | ancestry]
   326 | D:1      | Reached XP level 2. HP: 10/19 MP: 1/5
  1204 | D:2      | Reached skill level 3 in Earth Magic
  1204 | D:2      | Reached XP level 3. HP: 24/24 MP: 4/6
  1630 | D:2      | Found a faded altar of an unknown god.
  1770 | D:2      | Slain by a worm

Illustrated notes

Levels and vault maps discovered:
D:1:      roderic_chinese_lattice_arrival, layout_basic, serial_shops,
          nicolae_square_shop, hex_tiny
D:2:      layout_basic, nicolae_ecumenical_lake_church, hex_intersection,
          minmay_pentomino_q4

Skill      XL: |  1  2 |
---------------+-------+-----
Transmutations | 1 |  1.4
Stealth        | 2 |  2.2
Dodging        | 2 |  2.2
Earth Magic    | 3 |  3.0
Spellcasting   | |  2.3

Action                   || total
-------------------------++-------
Melee: Short sword       ||    41
       Kick              ||     9
 Cast: Sandblast         ||    20
 Stab: Sleeping          ||     5
Armor: Robe              ||     9
Dodge: Dodged            ||    23

Table legend: (Time is in decaauts)
 A = Elapsed time spent in this place.
 B = Non-inter-level travel time spent in this place.
 C = Inter-level travel time spent in this place.
 D = Time resting spent in this place.
 E = Time spent auto-exploring this place.
 F = Levels seen in this place.
 G = Mean time per level.
                   A        B        C        D        E       F      G
               +--------+--------+--------+--------+--------+-----+--------+
         Total |   1793 |   1789 |      4 |    271 |   1311 |   2 |  896.5 |
       Dungeon |   1793 |   1789 |      4 |    271 |   1311 |   2 |  896.5 |
               +--------+--------+--------+--------+--------+-----+--------+

Top non-repeatable levels by time:
     D:1: 1206 daAuts
     D:2: 587 daAuts
